 Dungeon Crawl Stone Soup version 0.21-a0-95-g06f091e (webtiles) character file.

58 grindst0ne the Chucker (level 4, -3/48 HPs)
             Began as an Ogre Hunter on July 4, 2017.
             Killed from afar by Sigmund (6 damage)
             ... with a puff of flame
             ... on level 2 of the Dungeon.
             The game lasted 00:03:35 (1626 turns).

grindst0ne the Chucker (Ogre Hunter)                Turns: 1626, Time: 00:03:35

Health: -3/48      AC:  5    Str: 17    XL:     4   Next: 1%
Magic:  4/4        EV: 10    Int: 17    God:
Gold:   56         SH:  0    Dex:  9    Spells: 3/3 levels left

rFire    . . .     SeeInvis .   l - +0 mace (curse)
rCold    . . .     Gourm    .   (no shield)
rNeg     . . .     Faith    .   b - +0 robe
rPois    .         Spirit   .   (helmet restricted)
rElec    .         Reflect  .   (no cloak)
rCorr    .         Harm     .   (gloves unavailable)
MR       .....                  (boots unavailable)
Stlth    ++........             k - amulet of rage
HPRegen  0.16/turn              (no ring)
MPRegen  0.09/turn              u - ring of stealth

@: brilliant
A: unfitting armour, yellow scales 1, mutation resistance 1, tough skin 1,
subdued magic 1
a: Evoke Berserk Rage


You were on level 2 of the Dungeon.
You were not hungry.

You visited 1 branch of the dungeon, and saw 2 of its levels.

You collected 56 gold pieces.

Inventory:

Hand Weapons
 l - a cursed +0 mace (weapon)
Armour
 b - a +0 robe (worn)
Jewellery
 k - an amulet of rage (around neck)
 u - a ring of stealth (right hand)
Scrolls
 a - a scroll of blinking {unknown}
 e - 2 scrolls of teleportation {unknown}
 i - 2 scrolls of fog {unknown}
 j - 2 scrolls of amnesia {unknown}
 n - a scroll of immolation {unknown}
 o - a scroll of remove curse {unknown}
 q - a scroll of recharging {unknown}
 s - 2 scrolls of identify {unknown}
Comestibles
 f - 4 bread rations
 h - 6 chunks of flesh
 m - a meat ration
 p - a royal jelly


   Skills:
 + Level 3.8 Fighting
 + Level 1.1 Maces & Flails
 + Level 4.7 Throwing
 - Level 1.7 Dodging
 - Level 0.6 Stealth


You had 3 spell levels left.
You didn't know any spells.

Dungeon Overview and Level Annotations

Branches:
Dungeon (2/15)

Altars:

Annotations:
D:2 Sigmund


Innate Abilities, Weirdness & Mutations

You are too large for most types of armour.
You have tough skin. (AC +1)
You are partially covered in yellow scales. (AC +2)
You are somewhat resistant to further mutation.
Your spells are a little easier to cast, but a little less powerful.


Message History

Throwing (i - inventory):
d - 2 throwing nets (quivered)
Press: ? - help, Shift-Dir - straight line, f/p - Sigmund
Aim: Sigmund, wielding a scythe and wearing a robe (severely wounded)
You throw a throwing net.
The throwing net closely misses Sigmund.
Sigmund hits you but does no damage.
Throwing (i - inventory):
d - a throwing net (quivered)
Press: ? - help, Shift-Dir - straight line, f/p - Sigmund
Aim: Sigmund, wielding a scythe and wearing a robe (severely wounded)
You throw a throwing net.
The throwing net closely misses Sigmund.
Sigmund closely misses you. Sigmund gestures at you while chanting.
The puff of flame hits you!
* * * LOW HITPOINT WARNING * * *
A frilled lizard comes into view.
Found a stone staircase leading up.
Sigmund casts a spell at you. The puff of flame hits you!
You die...

#######.##.......######.###.
#.##.##..##..(..(..((.
#######.#......##.#####.###.
......)......#.##@#
...####.#....#.##.# ...#
#.####.#.##.# ##.# #.#
#.#.##.# #.# #.# #.#.##.#
#.# #.# #(#..@.# ##.####.#
#.###..# ........# #.# #.l#
.....#### #.. .... ##.#.#
#.###.... ##.#... ... ..###.
##.####### #.# #<# .#
.........###.# #.# #
.........=...###.# #


You could see Sigmund and a frilled lizard.

Vanquished Creatures
  An adder (D:2)
  A worm (D:2)
  3 dart slugs (D:1)
  A ball python (D:1)
  2 bats (D:1)
  4 giant cockroaches
  3 goblins (D:1)
  6 hobgoblins
  3 jackals (D:1)
  5 kobolds
  4 frilled lizards (D:1)
  5 rats (D:1)
38 creatures vanquished.

Notes
Turn   | Place    | Note
-------+----------+-------------------------------------------
     0 | D:1      | grindst0ne the Ogre Hunter began the quest for the Orb.
     0 | D:1      | Reached XP level 1. HP: 22/22 MP: 1/1
    94 | D:1      | Reached XP level 2. HP: 18/31 MP: 2/2
   720 | D:1      | Reached XP level 3. HP: 36/37 MP: 3/3
  1373 | D:2      | Reached skill level 1 in Maces & Flails
  1565 | D:2      | Reached XP level 4. HP: 48/48 MP: 4/4
  1591 | D:2      | Noticed Sigmund
  1598 | D:2      | Gained mutation: You are somewhat resistant to further mutation. [potion of mutation]
  1598 | D:2      | Gained mutation: Your spells are a little easier to cast, but a little less powerful. [potion of mutation]
  1598 | D:2      | Gained mutation: You are partially covered in yellow scales. (AC +2) [potion of mutation]
  1623 | D:2      | HP: 2/48 [Sigmund/puff of flame (6)]
  1626 | D:2      | Killed from afar by Sigmund

Vault maps used:
D:1:      elethiomel_arrival_infinity_welcomes_careful_drivers,
          minmay_hexomino_c4
D:2:      uniq_crazy_yiuf_cottage, uniq_sigmund

Skill      XL: |  1  2  3 |
---------------+----------+-----
Fighting       | 3 |  3.8
Maces & Flails | 1 |  1.1
Throwing       | |  4.7
Dodging        | |  1.7
Stealth        | |  0.6

Action                   |  1- 3 |  4- 6 || total
-------------------------+-------+-------++-------
Melee: Short sword       |    26 |       ||    26
       Mace              |    80 |     8 ||    88
Throw: Large rock        |     6 |     4 ||    10
       Throwing net      |       |     2 ||     2
  Use: Potion            |       |     3 ||     3
  Eat: Chunk             |     2 |       ||     2
Armor: Robe              |    40 |       ||    40
Dodge: Dodged            |    87 |     9 ||    96
